[Event "Team 45 45 League T48"]
[Site "Internet Chess Club"]
[Date "2011.02.21"]
[Round "2"]
[White "clarinetref"]
[Black "rayonline53"]
[Result "0-1"]
[WhiteElo "1618"]
[BlackElo "1582"]
[Opening "Réti: King's Indian attack"]
[ECO "A05"]
[Time "18:16:23"]
[TimeControl "2700+45"]

1. Nf3 Nf6 2. g3 g6 3. Bg2 Bg7 4. d3 d6 5. e4 O-O 6. O-O Nbd7 7. Nbd2 c6 8. Re1
Nb6 9. c3 Bd7 10. a4 a5 11. h3 Qc7 12. Nf1 Rfe8 13. Be3 c5 14. N3d2 Bc6 15. f4
Nfd7 16. Nf3 e5 17. N1d2 d5 18. fxe5 dxe4 19. dxe4 Nxe5 20. Bf4 Nxf3+ 21. Bxf3
Be5 22. Bxe5 Qxe5 23. Kg2 Rad8 24. Qc2 Rd6 25. b3 Red8 26. Rad1 Qg5 27. Nf1 c4
28. Rxd6 Rxd6 29. h4 Qe5 30. Ne3 cxb3 31. Qxb3 Bxa4 32. Qb2 h5 33. Re2 Bb5 34.
Rc2 Bd3 35. Rd2 Bxe4 36. Rxd6 Bxf3+ 37. Kxf3 Qxd6 38. Qb5 Qc6+ 39. Qxc6 bxc6 40.
Ke4 f6 41. Kd4 Nd7 42. Kc4 Kf7 43. Kb3 Nb6 44. c4 Ke6 45. c5 a4+ 46. Ka3 Nd5 47.
Nc4 Nc3 48. Nd2 Kd5 49. Kb4 Ne4 50. Nf1 Nxc5 51. Ne3+ Kd4 52. Nc2+ Kd3 53. Ne1+
Ke2 54. Nc2 Kd2 55. Nd4 Ne4 56. Nxc6 Nxg3 57. Ne7 g5 58. hxg5 fxg5 59. Ng6 h4
60. Ne5 Ke2 61. Kxa4 h3 62. Ng4 Nf1 63. Kb4 h2 64. Nxh2 Nxh2 65. Kc4 g4 66. Kd4
g3 {White resigns} 0-1

[Event "Team 45 45 League T48"]
[Site "Internet Chess Club"]
[Date "2011.02.19"]
[Round "2"]
[White "Giacometti"]
[Black "tryanything"]
[Result "1-0"]
[WhiteElo "1744"]
[BlackElo "1552"]
[Opening "Bird: From gambit, Lasker variation"]
[ECO "A02"]
[Time "17:56:27"]
[TimeControl "2700+45"]

1. f4 e5 2. fxe5 d6 3. exd6 Bxd6 4. Nf3 g5 5. g3 g4 6. Nh4 Ne7 7. d4 Ng6 8. Nxg6
hxg6 9. Qd3 Nc6 10. c3 Qe7 11. Bg2 Bf5 12. e4 O-O-O 13. Be3 Rxh2 14. Rxh2 Bxg3+
15. Kd1 Bxh2 16. exf5 gxf5 17. Qxf5+ Kb8 18. Qe4 Qxe4 19. Bxe4 Re8 20. Nd2 f5
21. Bxc6 bxc6 22. Nc4 f4 23. Bd2 g3 24. Bxf4 Rf8 25. Bxg3 Bxg3 26. Kc2 Kb7 27.
Rg1 Rf2+ 28. Kb3 Bh2 29. Rg6 Re2 30. Na5+ Kb6 31. Nxc6 Bd6 32. Ne5 Kb7 33. Nc4
Bf4 34. Na5+ Kc8 35. Rg8+ Kd7 36. Ra8 Bc1 37. Nc4 {Black resigns} 1-0

[Event "Team 45 45 League T48"]
[Site "Internet Chess Club"]
[Date "2011.02.18"]
[Round "2"]
[White "PostMike"]
[Black "oldprez"]
[Result "1-0"]
[WhiteElo "1475"]
[BlackElo "1377"]
[Opening "King's pawn opening"]
[ECO "B07"]
[Time "14:01:23"]
[TimeControl "2700+45"]

1. e4 d6 2. d4 e5 3. dxe5 dxe5 4. Qxd8+ Kxd8 5. Be3 Nf6 6. f3 Nc6 7. Bc4 Be6 8.
Bxe6 fxe6 9. c3 Kd7 10. Nd2 Rd8 11. Nh3 h6 12. Nf2 Kc8 13. O-O-O b6 14. Nc4 Nd7
15. b4 b5 16. Nb2 Be7 17. Rd2 Nb6 18. Rhd1 Rxd2 19. Rxd2 a5 20. a3 Kb7 21. Nfd3
Nc4 22. Nxc4 bxc4 23. Nb2 axb4 24. axb4 Ra8 25. Nxc4 Ra1+ 26. Kb2 Rh1 27. h3 Bh4
28. Rd7 g5 29. Rh7 Re1 30. Rxh6 Re2+ 31. Kb3 Rxg2 32. Rxe6 Rg3 33. b5 Nd4+ 34.
cxd4 exd4 35. Bxd4 Rxf3+ 36. Kb4 Be1+ 37. Kc5 Bg3 38. Rh6 Bh4 39. e5 Rxh3 40. e6
g4 41. Rh7 g3 42. e7 Bxe7+ 43. Rxe7 g2 44. Rg7 Rh5+ 45. Kb4 Rd5 46. Be5 Rd1 47.
Rxg2 c5+ 48. Kxc5 {Black resigns} 1-0

[Event "Team 45 45 League T48"]
[Site "Internet Chess Club"]
[Date "2011.02.22"]
[Round "2"]
[White "Duguesclin"]
[Black "rubo"]
[Result "1/2-1/2"]
[WhiteElo "1708"]
[BlackElo "1712"]
[Opening "Benkö gambit: Zaitsev system"]
[ECO "A58"]
[Time "13:12:57"]
[TimeControl "2700+45"]

1. d4 Nf6 2. c4 c5 3. d5 b5 4. cxb5 a6 5. Nc3 axb5 6. Nxb5 Ba6 7. Nc3 g6 8. g3
d6 9. Bg2 Bg7 10. Nf3 O-O 11. O-O Nbd7 12. Re1 Qb6 13. e4 Ng4 14. Qc2 Rfb8 15.
h3 Nge5 16. Nxe5 Nxe5 17. b3 Qb4 18. Bb2 Nd3 19. Re3 c4 20. Na4 cxb3 21. axb3
Nxb2 22. Nxb2 Bd3 23. Qc1 Rxa1 24. Qxa1 Bc2 25. Qc1 Bxb3 26. Nd3 Qc4 27. Bf1 Ba2
28. Qa3 Qb3 29. Nc1 Qxa3 30. Rxa3 Bb2 31. Rxa2 Bxc1 32. Rc2 Bg5 33. h4 Bf6 34.
f4 Bd4+ 35. Kg2 Rb2 36. Rxb2 Bxb2 37. Bc4 Kg7 38. Kf3 h5 39. g4 hxg4+ 40. Kxg4
Kf6 41. h5 gxh5+ 42. Kxh5 e6 43. e5+ {Game drawn by mutual agreement} 1/2-1/2

[Event "Team 45 45 League T48"]
[Site "Internet Chess Club"]
[Date "2011.02.22"]
[Round "2"]
[White "Portola"]
[Black "aphort0212"]
[Result "0-1"]
[WhiteElo "1756"]
[BlackElo "1626"]
[Opening "Torre attack (Tartakower variation)"]
[ECO "D03"]
[Time "19:00:11"]
[TimeControl "2700+45"]

1. d4 Nf6 2. Nf3 d5 3. Bg5 e6 4. e3 Be7 5. Nbd2 O-O 6. Bd3 Nbd7 7. O-O c5 8. c3
c4 9. Bc2 b5 10. a3 Bb7 11. Qe2 Ne4 12. Bxe7 Qxe7 13. Nxe4 dxe4 14. Nd2 Nf6 15.
Ra2 Qd6 16. Rfa1 Rfc8 17. Rc1 a6 18. Raa1 Rd8 19. Nf1 h5 20. h3 Qd5 21. Nh2 Qg5
22. Kh1 Kh8 23. Rg1 Qh4 24. Qf1 Rd5 25. a4 Rf5 26. g3 Qg5 27. g4 hxg4 28. Nxg4
Qh4 29. axb5 Rf3 30. Kh2 Nxg4+ 31. Rxg4 Rxf2+ 32. Qxf2 Qxf2+ 33. Rg2 Qxe3 34.
bxa6 Rxa6 35. Rag1 Qf4+ 36. Rg3 Ra2 37. Rg2 e3 38. Re2 Qf1 {White resigns} 0-1

[Event "Team 45 45 League T48"]
[Site "Internet Chess Club"]
[Date "2011.02.21"]
[Round "2"]
[White "Chess2Play"]
[Black "g8wrb"]
[Result "1/2-1/2"]
[WhiteElo "1568"]
[BlackElo "1419"]
[Opening "Nimzo-Indian: 4.e3, main line with ...c5"]
[ECO "E53"]
[Time "09:02:51"]
[TimeControl "2700+45"]

1. d4 Nf6 2. c4 e6 3. Nc3 Bb4 4. e3 d5 5. Bd3 O-O 6. Nf3 c5 7. O-O cxd4 8. Nxd4
e5 9. Nc2 Bxc3 10. bxc3 dxc4 11. Bxc4 Qc7 12. Na3 Bf5 13. Qe2 Nc6 14. Bb2 a6 15.
Rad1 Rac8 16. Bb3 Rfd8 17. Nc4 b5 18. Na3 Na5 19. Rxd8+ Rxd8 20. Rd1 Nxb3 21.
axb3 Rd6 22. c4 bxc4 23. Nxc4 Rxd1+ 24. Qxd1 e4 25. h3 h6 26. Qd6 Ne8 27. Qxa6
Bc8 28. Qb5 Bd7 29. Qe5 Qxe5 30. Nxe5 Be6 31. b4 Nc7 32. Bc3 Kf8 33. Nc6 Bd7 34.
Nd4 Nb5 35. Bd2 Nxd4 36. exd4 Bc6 37. Kf1 Ke7 38. Be3 Kd6 39. Ke2 Kd5 40. f3
exf3+ 41. gxf3 Kc4 42. f4 Kxb4 43. Kd3 Bd5 44. Bd2+ Kb3 45. h4 h5 46. f5 Ka4 47.
Ke3 Kb5 48. Kf4 Bc4 49. Ke5 Kc6 50. Bb4 g6 51. f6 Be6 52. Bd2 Bd5 {Game drawn by
mutual agreement} 1/2-1/2

[Event "Team 45 45 League T48"]
[Site "Internet Chess Club"]
[Date "2011.02.18"]
[Round "2"]
[White "AtomicDog"]
[Black "drsigmund1"]
[Result "1-0"]
[WhiteElo "1432"]
[BlackElo "1462"]
[Opening "Ruy Lopez: 5.O-O"]
[ECO "C78"]
[Time "10:01:44"]
[TimeControl "2700+45"]

1. e4 e5 2. Nf3 Nc6 3. Bb5 a6 4. Ba4 Nf6 5. O-O b5 6. Bb3 Bc5 7. d3 h6 8. c3 d6
9. Nbd2 Bg4 10. h3 Bh5 11. Re1 O-O 12. Nf1 Qd7 13. Ne3 Ne7 14. Bc2 d5 15. g4
dxe4 16. Nxe5 Qe6 17. gxh5 Qxe5 18. d4 Qg5+ 19. Ng2 Qf5 20. dxc5 Qxh3 21. Bxe4
Nxe4 22. Rxe4 Nf5 23. Qg4 Qxg4 24. Rxg4 Rad8 25. Bf4 {Black resigns} 1-0

[Event "Team 45 45 League T48"]
[Site "Internet Chess Club"]
[Date "2011.02.17"]
[Round "2"]
[White "chiiwen"]
[Black "Phosphorus"]
[Result "0-1"]
[WhiteElo "2178"]
[BlackElo "2133"]
[Opening "French: Tarrasch, Guimard main line"]
[ECO "C04"]
[Time "20:04:08"]
[TimeControl "2700+45"]

1. e4 e6 2. d4 d5 3. Nd2 Nc6 4. Ngf3 Nf6 5. e5 Nd7 6. Be2 f6 7. exf6 Qxf6 8. Nf1
Bd6 9. Ne3 O-O 10. O-O Qg6 11. c4 Nf6 12. c5 Be7 13. Bb5 Bd7 14. Bxc6 Bxc6 15.
Ne5 Qe8 16. f3 b6 17. cxb6 axb6 18. Bd2 Bb5 19. Rf2 c5 20. Bc3 Bd6 21. N3g4 Nxg4
22. Nxg4 Rf4 23. g3 Rf8 24. f4 Qg6 25. Rg2 Bd3 26. Nf2 Bf5 27. a3 Rae8 28. Qd2
h5 29. h4 Re7 30. Re1 Ref7 31. Re3 Kh8 32. Kh2 Rc7 33. Nd3 Rfc8 34. Ne5 Bxe5 35.
Rxe5 Qg4 36. Re3 cxd4 37. Qxd4 Rc4 38. Qe5 d4 39. Bxd4 Rxd4 {White resigns} 0-1

[Event "Team 45 45 League T48"]
[Site "Internet Chess Club"]
[Date "2011.02.26"]
[Round "2"]
[White "Freitac"]
[Black "AronT"]
[Result "1/2-1/2"]
[WhiteElo "1998"]
[BlackElo "2073"]
[Opening "Catalan: open, 5.Nf3"]
[ECO "E04"]
[Time "07:30:10"]
[TimeControl "2700+45"]

1. d4 Nf6 2. c4 e6 3. g3 d5 4. Nf3 dxc4 5. Bg2 c5 6. O-O Nc6 7. Qa4 Bd7 8. Qxc4
cxd4 9. Nxd4 Rc8 10. Nc3 Be7 11. Rd1 Na5 12. Qd3 O-O 13. Ndb5 a6 14. Nd6 Bxd6
15. Qxd6 Bc6 16. Qb4 Qc7 17. Bf4 e5 18. Be3 Bxg2 19. Bb6 Qc4 20. Qxa5 Bh3 21.
Rd6 Ne4 22. Rd3 Nxc3 23. bxc3 Qe4 24. Qd5 Qxe2 25. Rad1 Be6 26. Qxb7 Qxa2 27.
Qe4 Qb3 28. Ba5 Qb5 29. Qb4 h6 30. Qxb5 axb5 31. Rd8 Rfxd8 32. Rxd8+ Rxd8 33.
Bxd8 e4 34. h4 f6 35. Kf1 Bc4+ 36. Kg2 Kf7 37. Bb6 g5 38. f3 exf3+ 39. Kxf3 Kg6
40. hxg5 hxg5 41. Bc7 f5 42. Bd8 Kh5 43. Be7 Bd5+ 44. Kf2 Kg4 45. Bd6 Kh3 46.
Be7 Kg4 47. Bd6 f4 48. gxf4 gxf4 49. Be5 Kf5 50. Bd4 Ke4 51. Bh8 Kd3 52. Be5 Kc4
53. Bxf4 Kxc3 54. Be5+ Kc2 55. Bd6 Kb3 56. Ke3 b4 57. Bxb4 {Game drawn because
neither player has mating material} 1/2-1/2

[Event "Team 45 45 League T48"]
[Site "Internet Chess Club"]
[Date "2011.02.23"]
[Round "2"]
[White "martineden"]
[Black "Uragon-bocho"]
[Result "1/2-1/2"]
[WhiteElo "1867"]
[BlackElo "1964"]
[Opening "QGD: 4.Nf3"]
[ECO "D37"]
[Time "12:00:56"]
[TimeControl "2700+45"]

1. d4 Nf6 2. c4 e6 3. Nf3 d5 4. Nc3 a6 5. cxd5 exd5 6. g3 Be7 7. Bg2 O-O 8. O-O
c6 9. a3 Ne4 10. Nd2 f5 11. f3 Nxc3 12. bxc3 f4 13. gxf4 Rxf4 14. Nc4 Rh4 15.
Ne5 Nd7 16. Nxd7 Bxd7 17. e4 Qc8 18. Bd2 Be6 19. Be1 Rh6 20. Bg3 Rg6 21. f4 dxe4
22. Bxe4 Rf6 23. Bh4 Rf7 24. Bxe7 Rxe7 25. Qh5 g6 26. Qg5 Rg7 27. Rf2 Qd7 28.
Rg2 Re8 29. Bd3 Bd5 30. Rg3 Qf7 31. Rf1 Kh8 32. Qh6 Be4 33. Bxe4 Rxe4 34. f5
gxf5 35. Rxg7 Qxg7+ 36. Qxg7+ Kxg7 37. Rxf5 Kg6 38. Rc5 Re2 39. a4 Kf6 40. a5
Rc2 41. h4 h6 42. h5 Ke6 43. Kf1 Kf6 44. Kg1 Ke6 45. Kf1 Kf6 46. Kg1 Ke6 {Game
drawn by repetition} 1/2-1/2

[Event "Team 45 45 League T48"]
[Site "Internet Chess Club"]
[Date "2011.02.21"]
[Round "2"]
[White "AntonioMendonca"]
[Black "Ben777"]
[Result "0-1"]
[WhiteElo "1526"]
[BlackElo "1739"]
[Opening "Sicilian defense"]
[ECO "B20"]
[Time "18:05:27"]
[TimeControl "2700+45"]

1. e4 c5 2. b3 Nc6 3. Bb2 Nf6 4. Nc3 d6 5. Bc4 a6 6. a4 e6 7. Nf3 d5 8. e5 Ng4
9. Be2 Ngxe5 10. Nxe5 Nxe5 11. d4 Nc6 12. dxc5 Bxc5 13. O-O O-O 14. Bd3 Qf6 15.
Rb1 Bd4 16. Qd2 Bd7 17. Ba1 b5 18. Kh1 b4 19. Ne2 Bxa1 20. Rxa1 Rfc8 21. Rac1 a5
22. f3 Ne5 23. Rfe1 Nxd3 24. cxd3 d4 25. Ng3 e5 26. Ne4 Qe6 27. Rc4 Rxc4 28.
dxc4 Bc6 29. Nc5 Qf5 30. Qd3 Qxd3 31. Nxd3 f6 32. Kg1 Re8 33. Kf2 Kf7 34. g3 e4
35. fxe4 Rxe4 36. Rxe4 Bxe4 37. Nc5 Bc2 38. Ke2 f5 39. Kd2 Be4 40. Nd3 g5 41.
Ke2 Kf6 42. Kd2 Bxd3 43. Kxd3 Ke5 44. c5 Kd5 45. c6 Kxc6 46. Kxd4 f4 47. g4 f3
48. Ke3 Kd5 49. h4 gxh4 50. g5 Ke5 51. Kf2 Kf4 52. Kg1 Ke3 53. Kf1 h3 54. Kg1
h2+ 55. Kh1 f2 56. g6 f1=Q+ 57. Kxh2 hxg6 58. Kg3 Qf3+ 59. Kh2 Qg4 60. Kh1 Kf2
{White resigns} 0-1

[Event "Team 45 45 League T48"]
[Site "Internet Chess Club"]
[Date "2011.02.18"]
[Round "2"]
[White "Geeloo"]
[Black "Pason"]
[Result "1/2-1/2"]
[WhiteElo "2100"]
[BlackElo "2066"]
[Opening "Sicilian: O'Kelly variation"]
[ECO "B28"]
[Time "12:01:22"]
[TimeControl "2700+45"]

1. e4 c5 2. Nf3 a6 3. c3 e6 4. d4 d5 5. exd5 exd5 6. Be2 Nf6 7. O-O Be7 8. Be3
c4 9. b3 cxb3 10. axb3 O-O 11. c4 Nc6 12. Nc3 Bf5 13. Ne5 Rc8 14. Bf3 Nb4 15.
Qd2 Ne4 16. Bxe4 dxe4 17. f3 exf3 18. Nxf3 Bc2 19. c5 Bg6 20. Ne5 Nd5 21. Nxg6
hxg6 22. Bf4 Nxf4 23. Qxf4 Bf6 24. Rad1 b6 25. Kh1 bxc5 26. dxc5 Qc7 27. Qxc7
Rxc7 28. Nd5 Rxc5 {Game drawn by mutual agreement} 1/2-1/2

[Event "Team 45 45 League T48"]
[Site "Internet Chess Club"]
[Date "2011.02.20"]
[Round "2"]
[White "spunni"]
[Black "Alphalegacy"]
[Result "1-0"]
[WhiteElo "1819"]
[BlackElo "1996"]
[Opening "Sicilian: Najdorf, 7...Be7"]
[ECO "B98"]
[Time "10:17:06"]
[TimeControl "2700+45"]

1. e4 c5 2. Nf3 d6 3. d4 cxd4 4. Nxd4 Nf6 5. Nc3 a6 6. Bg5 e6 7. f4 Be7 8. Qf3
Nc6 9. O-O-O O-O 10. Nxc6 bxc6 11. Bxf6 gxf6 12. f5 Rb8 13. Rd3 d5 14. Qg3+ Kh8
15. Qxb8 exf5 16. exd5 Bd6 17. Qa7 c5 18. Rf3 Qa5 19. Bd3 c4 20. Bxc4 Be5 21.
Qe7 Rg8 {Black resigns} 1-0

[Event "Team 45 45 League T48"]
[Site "Internet Chess Club"]
[Date "2011.02.20"]
[Round "2"]
[White "musk6868"]
[Black "perikitosax"]
[Result "0-1"]
[WhiteElo "1890"]
[BlackElo "2005"]
[Opening "Queen's pawn game, Krause variation"]
[ECO "D02"]
[Time "13:03:17"]
[TimeControl "2700+45"]

1. d4 d5 2. Nf3 c5 3. g3 cxd4 4. Qxd4 Nc6 5. Qa4 Bd7 6. Bg2 e5 7. c3 Nf6 8. O-O
Be7 9. Qd1 O-O 10. Na3 Bxa3 11. bxa3 Qa5 12. Rb1 Rab8 13. Qb3 Ne4 14. Bb2 Bf5
15. Rbd1 Rfd8 16. c4 d4 17. Nh4 Nc5 18. Qf3 Be6 19. Nf5 Na4 20. Bc1 Nc3 21. Rd2
e4 22. Nh6+ gxh6 23. Qf4 Qg5 24. Rb2 Qxf4 25. Bxf4 Rbc8 26. Bxh6 Bxc4 27. Re1 b5
28. Rc2 b4 29. axb4 Nxb4 30. Rb2 Nbxa2 31. Rb7 Nxe2+ 32. Kh1 Nac3 33. Rxa7 d3
34. Bd2 Be6 35. Ra5 Rd5 36. Ra3 Rb5 37. Raa1 Rb2 38. Bxc3 Nxc3 39. Bxe4 d2
{White resigns} 0-1

[Event "Team 45 45 League T48"]
[Site "Internet Chess Club"]
[Date "2011.02.19"]
[Round "2"]
[White "Berke"]
[Black "trickey1872"]
[Result "0-1"]
[WhiteElo "1507"]
[BlackElo "1617"]
[Opening "Blackmar gambit"]
[ECO "B01"]
[Time "12:00:58"]
[TimeControl "2700+45"]

1. e4 d5 2. d4 dxe4 3. Nc3 Nf6 4. f3 exf3 5. Qxf3 Qxd4 6. Be3 Qh4+ 7. Bf2 Qb4 8.
O-O-O c6 9. Rd4 Qa5 10. Bc4 e5 11. Rd3 Bg4 12. Qe3 Nbd7 13. Nf3 Bc5 14. Qe2 Bxf2
15. Qxf2 O-O 16. Re3 Qc5 17. Bb3 e4 18. Nd2 Nd5 19. Nxd5 cxd5 20. Qg3 Nf6 21.
Rhe1 Rfe8 22. h3 Bh5 23. Rc3 Qb6 24. Qg5 d4 25. Rc4 e3 26. Nf3 Rad8 27. Ne5 Qa5
28. Nf3 Rd5 29. Qg3 Bxf3 30. gxf3 Rg5 31. Qh4 Qd2+ 32. Kb1 Qf2 33. Qxf2 exf2 34.
Rxe8+ Nxe8 35. a3 f1=Q+ 36. Ka2 Rg1 37. Rc8 Qa1# {White checkmated} 0-1

[Event "Team 45 45 League T48"]
[Site "Internet Chess Club"]
[Date "2011.02.20"]
[Round "2"]
[White "Oscar"]
[Black "Elalfer"]
[Result "1/2-1/2"]
[WhiteElo "1516"]
[BlackElo "1355"]
[Opening "Sicilian: Grand Prix attack"]
[ECO "B23"]
[Time "22:00:20"]
[TimeControl "2700+45"]

1. e4 c5 2. Nc3 Nc6 3. f4 d6 4. Nf3 g6 5. Bc4 Bg7 6. O-O e6 7. Qe1 Nge7 8. d3
Nd4 9. Nxd4 Bxd4+ 10. Be3 Bg7 11. Rb1 d5 12. exd5 exd5 13. Bb5+ Bd7 14. Bxd7+
Qxd7 15. Bxc5 Bf6 16. Bxe7 Bxe7 17. Qe5 O-O-O 18. Kh1 Bd6 19. Qxd5 Qc7 20. Qf3
h5 21. Nb5 Qb6 22. Nxd6+ Rxd6 23. Qf2 Re8 24. Qxb6 Rxb6 25. Kg1 Re2 26. Rf2 Rbe6
27. Kf1 R2e3 28. f5 Re7 29. fxg6 fxg6 30. d4 Kd7 31. d5 b5 32. b3 Kd6 33. c4
bxc4 34. bxc4 Kc5 35. Rc1 R3e4 36. Rfc2 Rf7+ 37. Kg1 Rfe7 38. g3 g5 39. Kf1 Kd6
40. Rd1 Rc7 41. c5+ Rxc5 42. Rxc5 Kxc5 43. d6 Re8 44. d7 Rd8 45. Ke2 Kc6 46. Ke3
Rxd7 47. Rxd7 Kxd7 48. Kd3 Kd6 49. Kd4 a6 50. h3 a5 51. g4 hxg4 52. hxg4 a4 53.
a3 {Game drawn by mutual agreement} 1/2-1/2

[Event "Team 45 45 League T48"]
[Site "Internet Chess Club"]
[Date "2011.02.18"]
[Round "2"]
[White "tamky70"]
[Black "one-over"]
[Result "0-1"]
[WhiteElo "1323"]
[BlackElo "1360"]
[Opening "French: Tarrasch"]
[ECO "C03"]
[Time "19:00:28"]
[TimeControl "2700+45"]

1. e4 e6 2. d4 d5 3. Nd2 dxe4 4. Nxe4 Nf6 5. Bg5 Be7 6. Nxf6+ Bxf6 7. Bxf6 Qxf6
8. Nf3 O-O 9. Bd3 Nc6 10. c3 e5 11. O-O exd4 12. Nxd4 Nxd4 13. cxd4 Be6 14. Be4
c6 15. Qh5 g6 16. Qe5 Qxe5 17. dxe5 f6 18. exf6 Rxf6 19. b3 Raf8 20. Rad1 Kg7
21. f3 R8f7 22. Rd6 Bf5 23. Rxf6 Rxf6 24. Rd1 Bxe4 25. fxe4 Rf7 26. Rd6 Kh6 27.
e5 Kg5 28. e6 Re7 29. Rd7 Rxe6 30. Rxb7 a5 31. Kf2 h6 32. a4 Kf5 33. Rf7+ Rf6
34. Rd7 Kg5+ 35. Ke2 Re6+ 36. Kf2 Kf5 37. Rd3 g5 38. Rc3 Ke4 39. Rc5 Kd4 40.
Rxa5 Kc3 41. Rf5 Kxb3 42. a5 Kb4 43. a6 c5 44. Rf7 Rxa6 45. Rb7+ Kc4 46. Rb2 Kc3
47. Re2 c4 48. Re3+ Kc2 49. Re2+ Kb3 50. h3 c3 51. Re3 Kb2 52. Ke2 c2 53. Re8
c1=Q 54. Rb8+ Ka3 55. Rf8 Re6+ 56. Kf3 Qe3+ 57. Kg4 Qe4+ 58. Kh5 Qxg2 {White
resigns} 0-1

[Event "Team 45 45 League T48"]
[Site "Internet Chess Club"]
[Date "2011.02.18"]
[Round "2"]
[White "Cicero"]
[Black "Traho"]
[Result "1-0"]
[WhiteElo "1382"]
[BlackElo "1189"]
[Opening "Vienna gambit"]
[ECO "C25"]
[Time "16:00:24"]
[TimeControl "2700+45"]

1. e4 e5 2. Nc3 Nc6 3. f4 exf4 4. Nf3 d6 5. d4 g6 6. Bxf4 Bg7 7. Bc4 Na5 8. Bd3
c5 9. d5 f6 10. Nb5 Bf8 11. c4 b6 12. O-O Bh6 13. Nxd6+ Ke7 14. Nxc8+ Rxc8 15.
Bg3 Be3+ 16. Kh1 Nh6 17. e5 f5 18. Bh4+ {Black resigns} 1-0

[Event "Team 45 45 League T48"]
[Site "Internet Chess Club"]
[Date "2011.02.19"]
[Round "2"]
[White "g8wrb"]
[Black "houseofcook"]
[Result "1/2-1/2"]
[WhiteElo "1412"]
[BlackElo "1424"]
[Opening "QGD: 4.Nf3"]
[ECO "D37"]
[Time "09:00:49"]
[TimeControl "2700+45"]

1. d4 d5 2. c4 e6 3. Nf3 Nf6 4. Nc3 Be7 5. Bg5 h6 6. Bh4 Ne4 7. Bxe7 Qxe7 8. e3
Nxc3 9. bxc3 c6 10. cxd5 exd5 11. c4 Be6 12. Qb3 b6 13. cxd5 Bxd5 14. Bc4 Bxc4
15. Qxc4 O-O 16. O-O Rc8 17. Rfc1 Nd7 18. a4 Rab8 19. h3 Nf6 20. Rab1 Nd5 21.
Qa6 Nb4 22. Qc4 Nd5 23. Qa6 Nb4 24. Qc4 {Game drawn by mutual agreement} 1/2-1/2

[Event "Team 45 45 League T48"]
[Site "Internet Chess Club"]
[Date "2011.02.17"]
[Round "2"]
[White "blizzard13"]
[Black "SCUGrad"]
[Result "1-0"]
[WhiteElo "1478"]
[BlackElo "1390"]
[Opening "Queen's pawn, Mason variation"]
[ECO "D00"]
[Time "07:00:20"]
[TimeControl "2700+45"]

1. d4 d5 2. Bf4 Nf6 3. e3 Bf5 4. Bd3 Bxd3 5. Qxd3 e6 6. Nf3 Be7 7. Nbd2 O-O 8.
O-O c5 9. c3 Nbd7 10. Ne5 Qb6 11. b3 cxd4 12. exd4 Rac8 13. Ndf3 Rfd8 14. Ng5
Rf8 15. Nxd7 {Black resigns} 1-0

[Event "Team 45 45 League T48"]
[Site "Internet Chess Club"]
[Date "2011.02.19"]
[Round "2"]
[White "AlPearson"]
[Black "RickLR"]
[Result "1-0"]
[WhiteElo "1417"]
[BlackElo "1287"]
[Opening "English opening"]
[ECO "A20"]
[Time "11:03:23"]
[TimeControl "2700+45"]

1. c4 e5 2. g3 d5 3. Bg2 c6 4. cxd5 cxd5 5. Nc3 d4 6. Nb5 Qa5 7. a4 a6 8. Na3
Ra7 9. Nc4 Qc5 10. b3 Qc7 11. Nf3 Bd6 12. Nxd6+ Qxd6 13. Ba3 {Black resigns} 1-0

[Event "Team 45 45 League T48"]
[Site "Internet Chess Club"]
[Date "2011.02.22"]
[Round "2"]
[White "farbror"]
[Black "AtomicDog"]
[Result "1-0"]
[WhiteElo "1279"]
[BlackElo "1408"]
[Opening "Queen's pawn game"]
[ECO "A46"]
[Time "14:02:09"]
[TimeControl "2700+45"]

1. d4 Nf6 2. Nf3 e6 3. Bf4 g6 4. e3 Bg7 5. Nbd2 O-O 6. Bd3 Na6 7. c3 b6 8. e4
Bb7 9. e5 Nd5 10. Bg3 c5 11. Rc1 cxd4 12. cxd4 Nab4 13. Bc4 Rc8 14. O-O f5 15.
exf6 Qxf6 16. Be5 Qe7 17. Bxg7 Qxg7 18. Ne4 Ne3 19. fxe3 Bxe4 20. Ne5 Rxf1+ 21.
Qxf1 Rf8 22. Qe1 Kh8 23. Qxb4 Qh6 24. Qe1 Qg5 25. Qg3 {Black resigns} 1-0

[Event "Team 45 45 League T48"]
[Site "Internet Chess Club"]
[Date "2011.02.20"]
[Round "2"]
[White "oldsj"]
[Black "dinosaurs01"]
[Result "1-0"]
[WhiteElo "1649"]
[BlackElo "1445"]
[Opening "Sicilian: Taimanov variation"]
[ECO "B46"]
[Time "10:02:04"]
[TimeControl "2700+45"]

1. e4 c5 2. Nf3 e6 3. d4 cxd4 4. Nxd4 Nc6 5. Nc3 a6 6. Be3 Nf6 7. Qd2 Bb4 8. f3
d6 9. a3 Ba5 10. Nb3 Bb6 11. Bxb6 Qxb6 12. Qxd6 Bd7 13. O-O-O Rd8 14. Qc5 Qxc5
15. Nxc5 Rb8 16. g4 h6 17. f4 e5 18. f5 Nd4 19. Nxd7 Nxd7 20. Nd5 Rc8 21. c3
Nb3+ 22. Kb1 Ndc5 23. Bd3 Rd8 24. Bc2 O-O 25. Ka2 Nxe4 26. Bxe4 Nc5 27. Bc2 Rfe8
28. b4 Nd7 29. Ba4 b5 30. Bb3 Rc8 31. Kb2 e4 32. Ne3 Ne5 33. Rd6 Nd3+ 34. Kc2
Rcd8 35. Rxd8 Rxd8 36. Rd1 Re8 37. c4 Rc8 38. c5 a5 39. Nd5 Kf8 40. Kd2 Ne5 41.
Ne3 a4 42. Bc2 Nf3+ 43. Ke2 Re8 44. h3 Ng5 45. h4 Nf3 46. Bxe4 Nxh4 47. Bc6 Rb8
48. Rd7 {Black resigns} 1-0

[Event "Team 45 45 League T48"]
[Site "Internet Chess Club"]
[Date "2011.02.19"]
[Round "2"]
[White "zigzag2002"]
[Black "Risto"]
[Result "1-0"]
[WhiteElo "1771"]
[BlackElo "1204"]
[Opening "Caro-Kann: exchange variation"]
[ECO "B13"]
[Time "14:00:30"]
[TimeControl "2700+45"]

1. e4 c6 2. d4 d5 3. exd5 cxd5 4. Bd3 Nc6 5. Be3 e5 6. dxe5 Nxe5 7. Bb5+ Nc6 8.
Qe2 Be7 9. Nf3 Nf6 10. O-O O-O 11. c3 a6 12. Bd3 Bg4 13. Nbd2 Re8 14. Nb3 Bxf3
15. Qxf3 Ne5 16. Qe2 Nxd3 17. Qxd3 Qc7 18. g3 Rad8 19. Bf4 Qc8 20. Rfe1 Qh3 21.
f3 Nh5 22. Qd4 Bf6 23. Qb4 Nxf4 24. Qxf4 h6 25. Qc7 Qf5 26. f4 Kh7 27. Qxb7 Rd7
28. Qxa6 Rxe1+ 29. Rxe1 g5 30. Nc5 Rd8 31. Qd3 Qxd3 32. Nxd3 gxf4 33. gxf4 Bh4
34. Re2 Rg8+ 35. Kf1 Bd8 36. Rg2 Re8 37. a4 Bb6 38. Ne5 f6 39. Nd7 Bd8 40. Re2
Rg8 41. a5 Rg7 42. Nb6 Bc7 43. Rg2 Rf7 44. Nxd5 Bxa5 45. b4 Bc7 46. Nxc7 Rxc7
47. Rc2 Kg6 48. Kf2 Kf5 49. Kf3 h5 50. c4 Rd7 51. Rc3 Rd4 52. c5 Rxf4+ 53. Kg3
Rxb4 54. c6 Rg4+ 55. Kh3 Ke5 56. c7 {Black resigns} 1-0

[Event "Team 45 45 League T48"]
[Site "Internet Chess Club"]
[Date "2011.02.20"]
[Round "2"]
[White "stan-beers"]
[Black "cys456"]
[Result "0-1"]
[WhiteElo "1426"]
[BlackElo "1467"]
[Opening "Sicilian defense"]
[ECO "B30"]
[Time "20:00:14"]
[TimeControl "2700+45"]

1. e4 c5 2. Nf3 Nc6 3. Bc4 g6 4. O-O Bg7 5. c3 a6 6. a4 e5 7. Qb3 Qe7 8. a5 h6
9. d3 Nf6 10. Re1 O-O 11. Nbd2 d6 12. Nf1 Qd8 13. Qa2 Re8 14. Ne3 Be6 15. b3 Qd7
16. Bd2 d5 17. exd5 Nxd5 18. Rad1 Rad8 19. Nf1 e4 20. Bxd5 exf3 21. Bxe6 Rxe6
22. Rxe6 Qxe6 23. Re1 Qd7 24. gxf3 Qxd3 25. Kg2 Ne5 26. Re3 Qf5 27. Ng3 Qd7 28.
Ne4 f5 29. b4+ Kh8 30. Nxc5 Qxd2 31. Qe6 Qd6 32. Qb3 Qe7 33. Ne6 Re8 34. Nf4
Qg5+ 35. Kf1 Qxf4 36. Qd5 Rb8 37. Qd6 Rc8 38. Qe6 Qc4+ 39. Qxc4 Rxc4 40. Ke2 Nc6
41. Re8+ Kh7 42. Re3 Rxc3 43. Rxc3 Bxc3 44. Kd3 Bxb4 45. Kc4 Bxa5 46. Kc5 b5 47.
Kxc6 b4 {White resigns} 0-1